 Dungeon Crawl Stone Soup version 0.29-a0-8-g0446c0dae4 (webtiles) character file.

Game seed: 7712275267442321755

4190 crazypyro the Cleaver (level 10, -1/77 HPs)
             Began as a Minotaur Fighter on Jan 27, 2022.
             Was a Priest of Okawaru.
             Slain by a gnoll (7 damage)
             ... on level 10 of the Dungeon.
             The game lasted 00:19:51 (9495 turns).

crazypyro the Cleaver (Minotaur Fighter)            Turns: 9495, Time: 00:19:51

Health: -1/77      AC: 13    Str: 24    XL:     10   Next: 8%
Magic:  0/9        EV:  9    Int:  5    God:    Okawaru [***...]
Gold:   397        SH:  5    Dex: 11    Spells: 9/9 levels left

rFire   + . .      SeeInvis +   v - +0 broad axe
rCold   x . .      Faith    .   c - +0 buckler
rNeg    . . .      Spirit   .   j - +0 chain mail
rPois   +          Reflect  .   (helmet restricted)
rElec   .          Harm     .   i - +0 cloak
rCorr   .          Rampage  .   (no gloves)
Will    .....                   n - +1 pair of boots
Stlth   ..........              (no amulet)
HPRegen 0.22/turn               y - ring of Qypsamp {Fire Will- Slay+4}
MPRegen 0.11/turn               s - ring of Red Wine {rPois SInv}

@: mighty
A: horns 2, retaliatory headbutt
a: Renounce Religion, Heroism


You were on level 10 of the Dungeon.
You worshipped Okawaru.
Okawaru was most pleased with you.
You visited 2 branches of the dungeon, and saw 11 of its levels.
You also visited: Sewer.

You collected 441 gold pieces.
You spent 44 gold pieces at shops.

Inventory:

Hand Weapons
 a - a +0 war axe
 v - a +0 broad axe (weapon)
Armour
 b - a +0 scale mail
 c - a +0 buckler (worn)
 i - a +0 cloak (worn)
 j - a +0 chain mail (worn)
 n - a +1 pair of boots (worn)
Jewellery
 g - a ring of positive energy
 k - a ring of see invisible
 l - a ring of magical power
 s - the ring of Red Wine (right hand) {rPois SInv}
   (You acquired it on level 6 of the Dungeon)

   [ring of poison resistance]

   rPois:     It protects you from poison.
   SInv:      It lets you see invisible.
 y - the ring of Qypsamp (left hand) {Fire Will- Slay+4}
   (You found it on level 6 of the Dungeon)

   [ring of fire]

   It enhances your fire magic.
   Slay:      It affects your accuracy & damage with ranged weapons and melee
   (+4).
   rF:        It protects you from fire.
   rC:        It makes you vulnerable to cold.
   Will:      It decreases your willpower.
Wands
 x - a wand of iceblast (4)
 C - a wand of flame (14)
Scrolls
 f - 3 scrolls of teleportation
 o - a scroll of silence
 q - 2 scrolls of fog
 r - 2 scrolls of enchant armour
 w - 10 scrolls of identify
 B - a scroll of torment {unknown}
 F - a scroll of holy word {unknown}
 G - a scroll of amnesia {unknown}
Potions
 d - a potion of might
 e - 6 potions of flight
 h - 3 potions of heal wounds
 m - 2 potions of mutation {unknown}
 p - 3 potions of haste {unknown}
 t - 4 potions of brilliance
 u - a potion of magic {unknown}
 z - a potion of berserk rage {unknown}
 A - 2 potions of curing {unknown}
 D - 2 potions of cancellation {unknown}
 E - 2 potions of attraction {unknown}


   Skills:
 - Level 3.6 Fighting
 * Level 14.6 Axes
 - Level 6.5 Armour
 - Level 4.7 Dodging
 - Level 6.5 Shields


You had 9 spell levels left.
You didn't know any spells.
Your spell library contained the following spells:

 Spells                   Type           Power      Damage    Failure   Level
 Sandblast                Erth           0%         2d4       99%         1
 Slow                     Hex            0%         N/A       99%         1
 Passwall                 Tmut/Erth      0%         N/A       100%        2
 Confusing Touch          Hex            0%         N/A       100%        3
 Stone Arrow              Conj/Erth      0%         3d7       100%        3
 Vampiric Draining        Necr           0%         2d6       100%        3
 Blade Hands              Tmut           0%         N/A       100%        5
 Iskenderun's Battlesphe  Conj           0%         2d6       100%        5
 Iron Shot                Conj/Erth      0%         9d1       100%        6
 Animate Armour           Summ/Erth      Unusable   N/A       N/A         4
 Spellforged Servitor     Conj/Summ      Unusable   N/A       N/A         7

Dungeon Overview and Level Annotations

Branches:
Dungeon (10/15)            Temple (1/1) D:5           Sewer (visited)
   Lair: D:8-11         Orc: D:9-12

Altars:
Ashenzari
Cheibriados
Dithmenos
Elyvilon
Fedhas
Gozag
Hepliaklqana
Kikubaaqudgha
Makhleb
Nemelex Xobeh
Okawaru
Qazlal
Ru
Sif Muna
Trog
Uskayaw
Vehumet
Wu Jian
Xom
Yredelemnul
Zin
The Shining One

Shops:
D:4 [   D:6 *   D:7 (


Innate Abilities, Weirdness & Mutations

You have a pair of horns on your head.
You reflexively headbutt those who attack you in melee.


Message History

Okawaru accepts your kill. You block the gnoll sergeant's attack.
The orc warrior hits you with a +0 dire flail.
* * * LOW HITPOINT WARNING * * *
The gnoll barely misses you.
You slash the orc warrior!
The orc warrior is almost dead.
You slash the orc!
You kill the orc!
The gnoll sergeant hits you but does no damage.
The orc warrior hits you with a +0 dire flail.
* * * LOW HITPOINT WARNING * * *
The gnoll hits you but does no damage.
You feel much better.
The gnoll sergeant hits you but does no damage.
You block the orc warrior's attack. You block the gnoll's attack.
You barely miss the orc warrior. Your headbutt misses the orc warrior.
The orc warrior is almost dead.
You block the gnoll sergeant's attack. The orc warrior closely misses you.
The gnoll hits you but does no damage.
You barely miss the orc warrior.
The orc warrior is almost dead.
The gnoll sergeant hits you from afar with a +3 antimagic spear.
You feel your power leaking away.
The orc warrior hits you with a +0 dire flail!
* * * LOW HITPOINT WARNING * * *
You block the gnoll's attack.
You slash the orc warrior!
You kill the orc warrior!
Okawaru accepts your kill. The gnoll sergeant closely misses you.
You block the gnoll's attack.
There is an open door here.
The gnoll sergeant hits you from afar with a +3 antimagic spear!
* * * LOW HITPOINT WARNING * * *
You feel your power leaking away.
There is a stone staircase leading down, spattered with blood here.
You can't go up here!
You block the gnoll sergeant's attack.
The gnoll hits you from afar with a +0 spear!
You die...

#.......... #.......#
+oo.....# #.o.....#
#.g.....# ####g####
#gg# ####'#######
#>.@.......#
+..........#
#..........#
#..........#
#..........#
#<.........#
#################+###
...........# #...
...........# ..#


You could see a gnoll sergeant and 2 gnolls.

Vanquished Creatures
  A troll (D:10)
  A hornet (D:9)
  Sigmund (D:2)
  2 wyverns
  A vampire (D:9)
  Menkaure (D:4)
  3 steam dragons
  2 water moccasins
  Duvessa (D:4)
  An ice beast (D:5)
  A sky beast (D:5)
  A black bear (D:8)
  3 orc warriors (D:10)
  A wolf (D:9)
  A necrophage (D:6)
  A centaur (D:5)
  A phantom (D:6)
  A kobold brigand (D:6)
  2 bullfrogs (D:9)
  4 scorpions
  Dowan (D:4)
  6 killer bees (D:10)
  A centaur zombie (D:9)
  4 hounds
  A jelly (D:6)
  An orc priest (D:8)
  An iguana (D:6)
  A merfolk siren (Sewer)
  5 orc wizards
  A merfolk avatar (Sewer)
  A howler monkey zombie (D:9)
  2 gnolls (D:10)
  10 adders
  3 river rats (Sewer)
  A shadow imp (D:7)
  2 white imps
  An ufetubus (D:7)
  5 worms
  3 dart slugs
  17 orcs
  7 endoplasms
  10 giant cockroaches
  10 goblins
  2 hobgoblins
  6 quokkas
  10 ball pythons
  6 bats
  9 frilled lizards
  20 kobolds
  26 rats
203 creatures vanquished.

Notes
Turn   | Place    | Note
-------+----------+-------------------------------------------
     0 | D:1      | crazypyro the Minotaur Fighter began the quest for the Orb.
     0 | D:1      | Reached XP level 1. HP: 19/19 MP: 0/0
     0 | D:1      | Noticed a minotaur skeleton
     2 | D:1      | Noticed a dwarf
     4 | D:1      | Noticed a draconian
     7 | D:1      | Noticed a demonspawn
     8 | D:1      | Noticed a naga
    15 | D:1      | Noticed a minotaur zombie
    15 | D:1      | Noticed a draconian
    21 | D:1      | Noticed a minotaur skeleton
    60 | D:1      | You fall into a shaft and drop 1 floor!
   111 | D:3      | Reached skill level 3 in Axes
   119 | D:3      | Reached XP level 2. HP: 22/26 MP: 1/1
   219 | D:3      | Found a glowing drain.
   239 | D:3      | Reached skill level 4 in Axes
   256 | Sewer    | Entered a sewer
   330 | Sewer    | Reached XP level 3. HP: 10/31 MP: 2/2
   638 | Sewer    | Reached skill level 5 in Axes
   662 | Sewer    | Noticed a sickly merfolk siren
   679 | Sewer    | Killed a sickly merfolk siren
   680 | Sewer    | Reached XP level 4. HP: 26/39 MP: 3/3
   881 | Sewer    | Reached skill level 6 in Axes
   930 | Sewer    | Noticed a malarious merfolk avatar
   946 | Sewer    | Killed a malarious merfolk avatar
   947 | Sewer    | Reached XP level 5. HP: 20/45 MP: 4/4
  2244 | D:2      | Noticed Sigmund
  2262 | D:2      | Killed Sigmund
  2263 | D:2      | Reached skill level 7 in Axes
  2263 | D:2      | Reached skill level 1 in Dodging
  2263 | D:2      | Reached XP level 6. HP: 8/51 MP: 5/5
  3414 | D:3      | Found a faded altar of an unknown god.
  3751 | D:4      | Noticed Menkaure
  3762 | D:4      | Killed Menkaure
  3763 | D:4      | Reached skill level 5 in Armour
  3763 | D:4      | Reached skill level 5 in Shields
  3763 | D:4      | Reached XP level 7. HP: 28/57 MP: 6/6
  4009 | D:4      | Noticed Dowan
  4009 | D:4      | Noticed Duvessa
  4026 | D:4      | Killed Dowan
  4026 | D:4      | Killed Duvessa
  4217 | D:4      | Found Yggitas's Armour Emporium.
  4607 | D:5      | Entered Level 5 of the Dungeon
  4725 | D:5      | Found a staircase to the Ecumenical Temple.
  4746 | Temple   | Entered the Ecumenical Temple
  4959 | Temple   | Became a worshipper of Warmaster Okawaru
  5364 | D:5      | Reached XP level 8. HP: 64/64 MP: 7/7
  6100 | D:6      | Found Seirgh's General Store.
  6107 | D:6      | Identified a scroll of acquirement
  6110 | D:6      | Acquired the ring of Red Wine {rPois SInv}
  6186 | D:6      | Bought a +0 broad axe for 44 gold pieces
  6219 | D:6      | Reached skill level 8 in Axes
  6410 | D:6      | Reached * piety under Okawaru
  6434 | D:6      | Found a sparkling altar of Nemelex Xobeh.
  6527 | D:6      | Reached skill level 9 in Axes
  6560 | D:6      | Identified the ring of Qypsamp {Fire Will- Slay+4}
  6778 | D:7      | Reached skill level 10 in Axes
  7131 | D:7      | Found Cesuisah's Antique Weapon Shoppe.
  7137 | D:7      | Reached ** piety under Okawaru
  7138 | D:7      | Reached XP level 9. HP: 48/70 MP: 8/8
  7542 | D:8      | Reached skill level 11 in Axes
  8313 | D:9      | Reached skill level 12 in Axes
  8742 | D:9      | Reached *** piety under Okawaru
  8743 | D:9      | Reached skill level 13 in Axes
  9185 | D:10     | Entered Level 10 of the Dungeon
  9185 | D:10     | Noticed a troll
  9191 | D:10     | Killed a troll
  9192 | D:10     | Reached skill level 14 in Axes
  9474 | D:10     | Reached XP level 10. HP: 68/77 MP: 6/9
  9495 | D:10     | Slain by a gnoll

Illustrated notes

Levels and vault maps discovered:
D:1:      shiori_arrival_whats_in_store_for_you, layout_basic,
          chequers_serial_rivers_small_3
D:2:      layout_rooms, uniq_sigmund
D:3:      layout_loops_corners, gup_sewer_entry_pipe, basic_ecumenical_altar
D:4:      layout_layer_cave, serial_shops, kennysheep_mini_moat, uniq_duvessa,
          uniq_menkaure
D:5:      layout_basic, minmay_temple_entry_statues_fountains,
          hangedman_decor_opposing
D:6:      layout_basic, mainiacjoe_overflow_paths, serial_shops, shop
D:7:      layout_rooms, serial_shops, kennysheep_little_box
D:8:      layout_loops_ring, grunt_decor_cap
D:9:      layout_roguey
D:10:     layout_roguey, erik_lair_island, david_orc_2, lemuel_flamethrower_1,
          uniq_grum
Temple:   roderic_octagonal_lattice_temple

Skill      XL: |  1  2  3  4  5  6  7  8  9 |
---------------+----------------------------+-----
Axes           | 3 4 5 6 7 10 14 | 14.6
Armour         | 4 5 6 |  6.5
Dodging        | 1 2 4 |  4.7
Shields        | 4 5 6 |  6.5
Fighting       | |  3.6

Action                   |  1- 3 |  4- 6 |  7- 9 | 10-12 || total
-------------------------+-------+-------+-------+-------++-------
Melee: War axe           |    84 |   163 |    83 |       ||   330
       Headbutt          |    15 |    22 |    34 |     4 ||    75
       Broad axe         |       |       |   134 |    14 ||   148
Invok: Heroism           |       |       |     1 |       ||     1
  Use: Scroll            |       |     2 |     8 |       ||    10
       Potion            |       |       |       |     2 ||     2
Armor: Scale mail        |    29 |    47 |       |       ||    76
       Chain mail        |       |    34 |   139 |    12 ||   185
Dodge: Dodged            |    30 |    58 |    93 |     9 ||   190
Block: Buckler           |    12 |    33 |    70 |    10 ||   125

Table legend: (Time is in decaauts)
 A = Elapsed time spent in this place.
 B = Non-inter-level travel time spent in this place.
 C = Inter-level travel time spent in this place.
 D = Time resting spent in this place.
 E = Time spent auto-exploring this place.
 F = Levels seen in this place.
 G = Mean time per level.
                   A        B        C        D        E       F      G
               +--------+--------+--------+--------+--------+-----+--------+
         Total |   9648 |   9263 |    385 |      0 |   7942 |  12 |  804.0 |
       Dungeon |   8321 |   7962 |    359 |      0 |   6937 |  10 |  832.1 |
        Temple |    239 |    213 |     26 |      0 |    192 |   1 |  239.0 |
         Sewer |   1087 |   1087 |      0 |      0 |    813 |   1 | 1087.0 |
               +--------+--------+--------+--------+--------+-----+--------+

Top non-repeatable levels by time:
     D:9: 1171 daAuts
   Sewer: 1087 daAuts
     D:5: 1075 daAuts
     D:3: 1070 daAuts
     D:4: 880 daAuts
     D:2: 854 daAuts
     D:1: 851 daAuts
     D:6: 830 daAuts
     D:7: 788 daAuts
     D:8: 737 daAuts
  Temple: 239 daAuts
    D:10: 61 daAuts
